 Dungeon Crawl Stone Soup version 0.23.2-1-ga50397a (webtiles) character file.

Game seed: 12637127413995197069

26754 Borgoz the Carver (level 13, -3/160 HPs)
             Began as a Minotaur Gladiator on May 15, 2019.
             Was a High Priest of Hepliaklqana.
             Slain by a minotaur
             ... wielding a +8 demon whip of pain
              (26 damage)
             ... in a Gauntlet.
             The game lasted 00:43:14 (12517 turns).

Borgoz the Carver (Minotaur Gladiator)             Turns: 12517, Time: 00:43:15

Health: -3/160     AC: 26    Str: 27    XL:     13   Next: 0%
Magic:  24/24      EV:  2    Int:  8    God:    Hepliaklqana [*****.]
Gold:   1885       SH:  0    Dex: 20    Spells: 11/12 levels left

rFire    . . .     SeeInvis .   a - +0 demon blade (venom)
rCold    . . .     Gourm    .   (no shield)
rNeg     + + +     Faith    .   (armour currently unavailable)
rPois    +         Spirit   .   (helmet currently unavailable)
rElec    .         Reflect  .   (cloak currently unavailable)
rCorr    .         Harm     .   (gloves currently unavailable)
MR       .....     NoTele   +   (boots currently unavailable)
Stlth    +++.......             I - amulet of regeneration
HPRegen  0.76/turn              r - ring "Keahuij" {rPois MP+9 Int+3 Dex+3}
MPRegen  0.19/turn              B - +3 ring of strength

@: mighty, tree-form
A: (retaliatory headbutt), reduced essence
a: Recall Ancestor, Ancestor Identity, Transference, Idealise, Renounce Religion


You were in a Gauntlet.
You worshipped Hepliaklqana.
Hepliaklqana was extremely pleased with you.
You were not hungry.
You were a tree.
You visited 2 branches of the dungeon, and saw 16 of its levels.
You also visited: Sewer, Bailey, Gauntlet and Ice Cave.

You collected 2113 gold pieces.
You spent 228 gold pieces at shops.

Inventory:

Hand Weapons
 a - a +0 demon blade of venom (weapon)
 b - a +4 scimitar of slicing
 e - a +2 dagger of speed
Armour
 q - a +2 hat (melded)
 t - a +0 plate armour
 A - the +1 ring mail of Oske {rF- Str+3}
   (You found it on level 7 of the Dungeon)

   It affects your strength (+3).
   It makes you vulnerable to fire.
 G - the +1 pair of gloves of Incorporation (melded) {+Blink rPois Str+3}
   (You found it in a Gauntlet)

   It affects your strength (+3).
   It protects you from poison.
   It lets you blink.
 J - a +2 troll leather armour (melded)
 M - a +1 pair of boots of stealth (melded)
 P - a +2 cloak (melded)
Jewellery
 h - the amulet of the Air {Inacc +Fly rElec EV+5 RMsl}
   (You found it in a Gauntlet)

   [amulet of inaccuracy]

   It reduces the accuracy of all your attacks.
   It affects your evasion (+5).
   It insulates you from electricity.
   It lets you fly.
   It protects you from missiles.
 o - an uncursed ring of wizardry
 r - the ring "Keahuij" (left branch) {rPois MP+9 Int+3 Dex+3}
   (You found it in an ice cave)

   [ring of magical power]

   It affects your intelligence (+3).
   It affects your dexterity (+3).
   It protects you from poison.
   It affects your magic capacity (+9).
 x - an uncursed ring of ice
 y - an uncursed ring of flight
 B - a +3 ring of strength (right branch)
 C - an uncursed ring of see invisible
 H - an uncursed ring of poison resistance {unknown}
 I - an amulet of regeneration (around neck)
 K - an uncursed ring of resist corrosion
 N - a +4 ring of intelligence
 O - an uncursed ring of stealth
 R - an uncursed amulet of magic regeneration
Wands
 v - a wand of paralysis (13)
 E - a wand of iceblast (18)
 F - a wand of enslavement (8)
 L - a wand of disintegration (12)
Scrolls
 c - 2 scrolls of amnesia
 u - 2 scrolls of teleportation
 Q - a scroll of blinking
Potions
 g - 2 potions of lignification
 i - 10 potions of brilliance
 k - a potion of mutation
 l - a potion of flight
 m - a potion of invisibility
 p - a potion of cancellation
 s - a potion of might
 w - 3 potions of heal wounds
 z - 4 potions of curing
 D - 5 potions of haste
Miscellaneous
 n - a lightning rod (4/4)
Comestibles
 f - 23 rations


   Skills:
 * Level 12.4 Fighting
 * Level 12.6 Long Blades
 - Level 2.0 Throwing
 * Level 12.2 Armour
 * Level 11.7 Dodging
 - Level 5.0 Stealth
 - Level 5.0 Evocations


You had 11 spell levels left.
You knew the following spells:

 Your Spells              Type           Power        Failure   Level  Hunger
a - Confusing Touch       Hex            #.....       41%         1    ##.....

Your spell library contained the following spells:

 Spells                   Type           Power        Failure   Level  Hunger
 Animate Skeleton         Necr           N/A          41%         1    ##.....
 Apportation              Tloc           #.....       41%         1    ##.....
 Corona                   Hex            #......      41%         1    ##.....
 Pain                     Necr           #...         41%         1    ##.....
 Sting                    Conj/Pois      #...         41%         1    ##.....
 Summon Small Mammal      Summ           #...         41%         1    ##.....
 Ensorcelled Hibernation  Hex/Ice        #.....       54%         2    ###....
 Poisonous Vapours        Pois/Air       #.....       54%         2    ###....
 Confuse                  Hex            #.......     78%         3    ####...
 Dazzling Spray           Conj/Hex       #.....       78%         3    ####...
 Mephitic Cloud           Conj/Pois/Air  #.......     78%         3    ####...
 Regeneration             Chrm/Necr      #.........   78%         3    ####...
 Tukima's Dance           Hex            #.......     78%         3    ####...
 Vampiric Draining        Necr           #.........   78%         3    ####...
 Animate Dead             Necr           N/A          99%         4    #####..
 Olgreb's Toxic Radiance  Pois           #.......     99%         4    #####..
 Venom Bolt               Conj/Pois      #.........   100%        5    ######.


Dungeon Overview and Level Annotations

Branches:
Dungeon (15/15)            Temple (1/1) D:4            Lair (0/6) D:9
    Orc (0/2) D:9
 Vaults: D:13-14     Depths: D:15

Altars:
Ashenzari
Cheibriados
Dithmenos
Elyvilon
Fedhas
Gozag
Hepliaklqana
Kikubaaqudgha
Makhleb
Nemelex Xobeh
Okawaru
Qazlal
Ru
Sif Muna
Trog
Uskayaw
Vehumet
Wu Jian
Xom
Yredelemnul
Zin
The Shining One

Shops:
D:8 !   D:11 }   D:13 :

Annotations:
Gauntlet 2 runed translucent doors, 6 transporters


Innate Abilities, Weirdness & Mutations

((You reflexively headbutt those who attack you in melee.))
((You have a pair of horns on your head.))
Your life essence is reduced to manifest your ancestor. (-10% HP)


Message History

The minotaur is moderately wounded.
The minotaur hits you with a +8 demon whip of pain!!
* * * LOW HITPOINT WARNING * * *
The minotaur gores you but does no damage.
You slash the minotaur!
The minotaur looks as sick as possible!
The minotaur is heavily wounded.
The minotaur hits you with a +8 demon whip of pain!
* * * LOW HITPOINT WARNING * * *
The minotaur gores you.
* * * LOW HITPOINT WARNING * * *
You hit the minotaur.
The minotaur looks as sick as possible!
The minotaur is heavily wounded.
You feel much better.
The minotaur hits you with a +8 demon whip of pain!
* * * LOW HITPOINT WARNING * * *
The minotaur gores you!
* * * LOW HITPOINT WARNING * * *
You feel much better.
The minotaur hits you with a +8 demon whip of pain!!
You die...

.......≈# ######.#######
##...#.≈##...#
...###.≈≈#.8.#######
..#.[#.≈##...##....#
#©#.©#.###.8.##.##.#
#..#.#..##......##.#
.††#.#...#.8.##H##.# #
.##..#.∩.#...##.♣..#.# ≈#
######...#.©.##.##.#.#.≈≈#
.#.....8.#......##.'...∩≈#
######...#.©.##.##.#.#.≈≈#
.2##.#.∩.#...##....#.# ≈#
^##|?#...#.8.##.##.# #
.#.^[#..##......##.#
#.##©#.###.8.##.##.#
.#.###.≈##...##....#


You could see a minotaur.

Vanquished Creatures
  2 ice dragons (IceCv)
  Harold (D:7)
  2 two-headed ogres
  A fire crab (Gauntlet)
  A wizard (D:14)
  An unseen horror (shapeshifter) (D:14)
  2 orc knights
  A deep elf mage (D:14)
  2 cyclopes
  An ugly thing (D:12)
  A manticore (D:14)
  2 ice statues (IceCv)
  A centaur zombie (D:13)
  An efreet (D:14)
  3 rime drakes
  An ice devil (Gauntlet)
  A tengu conjurer (D:14)
  3 slime creatures
  2 trolls
  A hornet (D:9)
  A hippogriff (D:14)
  2 wyverns
  A wraith (D:10)
  3 fire bats (Gauntlet)
  5 yaks
  A fire elemental (D:13)
  A steam dragon (D:11)
  2 hungry ghosts
  9 vampire mosquitoes
  Duvessa (D:6)
  2 hell hounds (Gauntlet)
  3 porcupines (D:9)
  2 phantoms
  4 sky beasts
  6 orc warriors
  14 ice beasts
  3 black bears
  5 ogres
  9 centaurs
  2 wolves (D:9)
  5 crocodiles (D:9)
  12 big kobolds
  6 bullfrogs
  Dowan (D:6)
  2 wyvern zombies
  6 scorpions
  9 killer bees
  3 howler monkeys (D:11)
  7 crimson imps
  A quasit (D:9)
  A hound (D:5)
  3 jellies (Gauntlet)
  A centaur skeleton (D:11)
  3 orc priests
  Crazy Yiuf (D:7)
  7 iguanas
  6 orc wizards
  7 worker ants
  A hound zombie (D:9)
  A worker ant zombie (D:10)
  7 gnolls
  3 river rats (Sewer)
  9 adders
  2 shadow imps
  4 white imps (Gauntlet)
  An ooze (D:2)
  An adder skeleton (D:4)
  An adder zombie (D:9)
  5 worms
  A dart slug (D:1)
  4 leopard geckos
  29 orcs
  5 ball pythons
  12 bats
  4 giant cockroaches
  7 goblins
  12 hobgoblins
  16 jackals
  46 kobolds
  5 quokkas
  6 frilled lizards
  A jackal zombie (D:7)
  A leopard gecko skeleton (D:7)
  A quokka zombie (D:7)
  24 rats
  2 bushes (D:6)
398 creatures vanquished.

Vanquished Creatures (collateral kills)
  A two-headed ogre (D:11)
  An ugly thing (D:10)
  Maurice (D:12)
  A rime drake (D:13)
  A troll (D:10)
  A meliai zombie (D:13)
  A wraith (D:13)
  A yak (D:9)
  A basilisk (D:9)
  Menkaure (D:4)
  A sky beast (D:10)
  An ice beast (IceCv)
  A centaur (D:10)
  2 bullfrogs
  A wyvern zombie (D:10)
  A scorpion (D:4)
  3 killer bees
  An orc priest (D:7)
  An orc wizard (D:7)
  A centaur skeleton (D:5)
  An iguana (D:10)
  A worker ant (D:11)
  A gnoll (Bailey)
  An adder (Sewer)
  2 leopard geckos (D:7)
  7 orcs
  A giant cockroach (D:6)
  A goblin (Bailey)
  A jackal (D:7)
  2 ball pythons (Sewer)
  8 kobolds
  11 rats (Sewer)
  2 plants
62 creatures vanquished.

Vanquished Creatures (others)
  7 hexers
  An ancestor (D:6)
  A bush (D:6)
  3 fungi (D:9)
12 creatures vanquished.

Grand Total: 472 creatures vanquished

Notes
Turn   | Place    | Note
-------+----------+-------------------------------------------
     0 | D:1      | Borgoz the Minotaur Gladiator began the quest for the Orb.
     0 | D:1      | Reached XP level 1. HP: 18/18 MP: 0/0
   233 | D:1      | Reached XP level 2. HP: 25/25 MP: 1/1
   286 | D:1      | Reached skill level 1 in Armour
   631 | D:2      | Reached XP level 3. HP: 30/30 MP: 2/2
  1171 | D:3      | Reached XP level 4. HP: 38/38 MP: 3/3
  1325 | D:3      | Reached skill level 1 in Stealth
  1349 | D:3      | Reached XP level 5. HP: 33/46 MP: 4/4
  1952 | D:4      | Noticed a phantom
  1980 | D:4      | Killed a phantom
  1980 | D:4      | Reached skill level 5 in Long Blades
  1980 | D:4      | Reached XP level 6. HP: 15/52 MP: 5/5
  2253 | D:4      | Found a staircase to the Ecumenical Temple.
  2291 | Temple   | Entered the Ecumenical Temple
  2372 | Temple   | Became a worshipper of Hepliaklqana the Forgotten
  2530 | D:4      | Noticed Menkaure
  2535 | D:4      | Killed Menkaure
  3092 | D:5      | Entered Level 5 of the Dungeon
  3162 | D:5      | Reached skill level 5 in Dodging
  3162 | D:5      | Reached XP level 7. HP: 51/54 MP: 6/6
  3182 | D:5      | Found a white marble altar of Elyvilon.
  3184 | D:5      | Reached * piety under Hepliaklqana
  3216 | D:5      | Reached skill level 5 in Fighting
  3269 | D:5      | Found a shadowy altar of Dithmenos.
  3967 | D:6      | Noticed Duvessa
  3968 | D:6      | Noticed Dowan
  3976 | D:6      | Killed Duvessa
  3978 | D:6      | Killed Dowan
  4030 | D:6      | Found a glowing drain.
  4042 | D:6      | Reached skill level 5 in Armour
  4063 | Sewer    | Entered a sewer
  4181 | Sewer    | Reached XP level 8. HP: 63/63 MP: 7/7
  5594 | D:7      | Reached ** piety under Hepliaklqana
  5595 | D:7      | Remembered your ancestor EBANOE KAZINO as a hexer
  6008 | D:7      | Noticed Harold
  6013 | D:7      | Reached XP level 9. HP: 71/71 MP: 8/8
  6032 | D:7      | Killed Harold
  6107 | D:7      | Got a steaming ring mail
  6119 | D:7      | Identified the cursed +1 ring mail of Oske {rF- Str+3} (You
                  | found it on level 7 of the Dungeon)
  6190 | D:7      | Found a runed translucent door.
  6191 | D:7      | Noticed Crazy Yiuf
  6399 | D:7      | Killed Crazy Yiuf
  6468 | D:8      | Found a flagged portal.
  6477 | Bailey   | Entered a bailey
  6499 | Bailey   | Noticed an orc knight
  6622 | Bailey   | Killed an orc knight
  6622 | Bailey   | Reached skill level 1 in Evocations
  7003 | D:8      | Found Ithiw's Distillery.
  7006 | D:8      | Bought a potion of might for 48 gold pieces
  7006 | D:8      | Bought a potion of heal wounds for 60 gold pieces
  7006 | D:8      | Bought a potion of haste for 120 gold pieces
  7264 | D:8      | Reached XP level 10. HP: 67/81 MP: 10/10
  7509 | D:8      | Learned a level 1 spell: Confusing Touch
  8021 | D:9      | Found a staircase to the Lair.
  8067 | D:9      | Reached skill level 10 in Long Blades
  8082 | D:9      | Reached *** piety under Hepliaklqana
  8243 | D:9      | Found a staircase to the Orcish Mines.
  8635 | D:10     | Entered Level 10 of the Dungeon
  8651 | D:10     | Reached XP level 11. HP: 86/89 MP: 12/12
  8754 | D:10     | Noticed a cyan ugly thing
  8763 | D:10     | Reached skill level 10 in Fighting
  8773 | D:10     | Killed a cyan ugly thing
  8997 | D:10     | Found a deep blue altar of Sif Muna.
  9084 | D:10     | Reached **** piety under Hepliaklqana
  9558 | D:11     | Reached skill level 10 in Armour
  9666 | D:11     | Found Lulepic's Gadget Shoppe.
  9833 | D:11     | Noticed a two-headed ogre
  9839 | D:11     | Killed a two-headed ogre
  9839 | D:11     | Reached skill level 10 in Dodging
 10268 | D:12     | Noticed Maurice
 10280 | D:12     | Killed Maurice
 10435 | D:12     | Noticed a purple ugly thing
 10443 | D:12     | Killed a purple ugly thing
 10463 | D:12     | Noticed a two-headed ogre
 10472 | D:12     | Killed a two-headed ogre
 10517 | D:12     | Reached ***** piety under Hepliaklqana
 10876 | D:13     | Found Jagahunt's Book Emporium.
 10952 | D:13     | Found a frozen archway.
 10962 | IceCv    | Entered an ice cave
 10967 | IceCv    | Reached XP level 12. HP: 99/99 MP: 14/14
 11304 | IceCv    | Noticed an ice dragon
 11306 | IceCv    | Noticed an ice dragon
 11339 | IceCv    | Killed an ice dragon
 11339 | IceCv    | Reached skill level 5 in Stealth
 11350 | IceCv    | Killed an ice dragon
 11389 | IceCv    | Got a sparkling bronze ring
 11434 | IceCv    | Identified the ring "Keahuij" {rPois MP+9 Int+3 Dex+3} (You
                  | found it in an ice cave)
 11746 | D:13     | You fall through a shaft for 2 floors!
 11746 | D:15     | Entered Level 15 of the Dungeon
 11929 | D:14     | Noticed a two-headed ogre
 11937 | D:14     | Killed a two-headed ogre
 12116 | D:14     | Found a gate leading to a gauntlet.
 12119 | D:14     | Reached skill level 5 in Evocations
 12131 | Gauntlet | Entered a Gauntlet
 12131 | Gauntlet | Found a runed translucent door.
 12131 | Gauntlet | Found a transporter.
 12131 | Gauntlet | Found a runed translucent door.
 12131 | Gauntlet | Found a transporter.
 12151 | Gauntlet | Found a transporter.
 12153 | Gauntlet | Found the amulet of the Air {Inacc +Fly rElec EV+5 RMsl}
 12154 | Gauntlet | Found a transporter.
 12162 | Gauntlet | Found a transporter.
 12166 | Gauntlet | Found a transporter.
 12174 | Gauntlet | Found a transporter.
 12190 | Gauntlet | Found a transporter.
 12192 | Gauntlet | Noticed a reaper
 12208 | Gauntlet | Found a transporter.
 12212 | Gauntlet | Found a transporter.
 12220 | Gauntlet | Found a transporter.
 12224 | Gauntlet | Found a transporter.
 12369 | Gauntlet | Identified a scroll of acquirement
 12435 | Gauntlet | Reached XP level 13. HP: 74/107 MP: 15/15
 12440 | Gauntlet | Got a pair of bloodstained gloves
 12455 | Gauntlet | Identified the +1 pair of gloves of Incorporation {+Blink
                  | rPois Str+3} (You found it in a Gauntlet)
 12495 | Gauntlet | Noticed a minotaur
 12514 | Gauntlet | HP: 3/160 [minotaur/+8 demon whip of pain (13)]
 12517 | Gauntlet | Slain by a minotaur

Skill      XL: |  1  2  3  4  5  6  7  8  9 10 11 12 |
---------------+-------------------------------------+-----
Armour         | 1 2 3 5 6 8 9 10 12 | 12.2
Long Blades    | 4 5 6 7 9 10 11 12 | 12.6
Fighting       | 3 4 5 7 8 9 11 12 | 12.4
Dodging        | 4 5 7 8 9 10 11 | 11.7
Stealth        | 1 2 3 4 5 |  5.0
Evocations     | 1 2 4 5 |  5.0
Throwing       | |  2.0

Action                   |  1- 3 |  4- 6 |  7- 9 | 10-12 | 13-15 || total
-------------------------+-------+-------+-------+-------+-------++-------
Melee: Long sword        |    75 |   107 |   432 |   626 |       ||  1240
       Headbutt          |    24 |    28 |   137 |   252 |       ||   441
       Scimitar          |       |       |       |    78 |       ||    78
       Demon blade       |       |       |       |    27 |    10 ||    37
Throw: Throwing net      |       |     2 |     2 |     4 |       ||     8
Invok: Ancestor Life: He |       |       |     1 |       |       ||     1
       Ancestor Identity |       |       |     1 |       |       ||     1
       Recall Ancestor   |       |       |     1 |       |       ||     1
 Abil: Evoke Flight      |       |       |     2 |       |       ||     2
Evoke: Wand              |       |     1 |     1 |     3 |       ||     5
  Use: Scroll            |     4 |     4 |     8 |    20 |       ||    36
       Potion            |       |       |     1 |     9 |     6 ||    16
 Stab: Held in net/web   |       |     1 |     2 |     8 |       ||    11
       Confused          |       |       |     2 |     9 |       ||    11
       Sleeping          |       |       |       |     8 |       ||     8
       Distracted        |       |       |       |     8 |       ||     8
       Invisible         |       |       |       |    14 |       ||    14
       Paralysed         |       |       |       |     2 |       ||     2
  Eat: Chunk             |     1 |     6 |    14 |    17 |       ||    38
       Ration            |       |       |       |     1 |       ||     1
Armor: Scale mail        |    25 |    65 |    20 |       |       ||   110
       Chain mail        |       |       |   128 |       |       ||   128
       Ring mail         |       |       |    28 |   114 |       ||   142
       Plate armour      |       |       |       |    32 |       ||    32
       Troll leather arm |       |       |       |    95 |       ||    95
       Skin              |       |       |       |       |     9 ||     9
Dodge: Dodged            |    42 |    64 |   236 |   615 |     1 ||   958
       Rpst.: Long sword |    14 |    23 |    53 |   135 |       ||   225
       Scimitar          |       |       |       |    14 |       ||    14
       Demon blade       |       |       |       |     8 |       ||     8
